 Dungeon Crawl Stone Soup version 0.31-a0-339-gda1cbd555d (webtiles) character file.

Game seed: 15092023028638344940

36 drugrobin the Sneak (level 3, -2/30 HPs)
             Began as a Demigod Delver on July 21, 2023.
             Slain by a human zombie (5 damage)
             ... in an ossuary.
             The game lasted 00:05:04 (789 turns).

drugrobin the Sneak (Demigod Delver)                 Turns: 789, Time: 00:05:04

Health: -2/30      AC:  3    Str: 17    XL:     3   Next: 5%
Magic:  5/5        EV: 12    Int: 12    God:
Gold:   42         SH:  0    Dex: 15    Spells: 2/2 levels left

rFire   + . .        a - +0 mace
rCold   + . .        (no shield)
rNeg    . . .        b - +0 leather armour
rPois   +            (no helmet)
rElec   +            (no cloak)
rCorr   +            (no gloves)
SInv    .            (no boots)
Will    .....        (no amulet)
Stlth   +++          (no ring)
HPRegen 0.25/turn    (no ring)
MPRegen 0.09/turn

%: no passive effects
@: resistant
A: high MP 1, forlorn, divine attributes
a: no special abilities


You were in an ossuary.
You visited 1 branch of the dungeon, and saw 3 of its levels.
You also visited: Ossuary.

You collected 42 gold pieces.

Inventory:

Hand Weapons
 a - a +0 mace (weapon)
 j - a +0 broad axe
Missiles
 h - 12 stones
Armour
 b - a +0 leather armour (worn)
Wands
 g - a wand of digging (3)
Scrolls
 c - a scroll of fog
 d - a scroll of revelation
 e - a scroll of fear
 i - 3 scrolls of teleportation {unknown}


   Skills:
 - Level 2.6 Fighting
 + Level 3.3 Maces & Flails
 - Level 1.7 Dodging
 - Level 4.5 Stealth


You had 2 spell levels left.
You didn't know any spells.
Your spell library was empty.

Dungeon Overview and Level Annotations

Branches:
Dungeon (5/15)            Ossuary (1/1)
 Temple: D:4-7

Annotations:
D:4 exclusions: adder and gnoll, Blork the orc


Innate Abilities, Weirdness & Mutations

You have an increased reservoir of magic. (+10% MP)
You shall have no god before yourself.
Your divine heritage dramatically boosts your attributes as you level up.


Message History

* * * LOW HITPOINT WARNING * * *
Unknown command.
Unknown command.
You closely miss the human zombie.
The human zombie is heavily damaged.
The human zombie hits you but does no damage.
Unknown command.
Unknown command.
You hit the human zombie.
The human zombie is heavily damaged.
The human zombie hits you.
* * * LOW HITPOINT WARNING * * *
Unknown command.
Unknown command.
It was a potion of resistance.
You feel protected. The human zombie barely misses you.
Unknown command.
Unknown command.
You hit the human zombie.
The human zombie is severely damaged.
The human zombie hits you.
* * * LOW HITPOINT WARNING * * *
Unknown command.
Unknown command.
You sock the human zombie!
The human zombie is severely damaged.
The human zombie hits you.
* * * LOW HITPOINT WARNING * * *
Unknown command.
Unknown command.
You sock the human zombie!
The human zombie is almost destroyed.
The human zombie barely misses you.
Unknown command.
Unknown command.
You hit the human zombie.
The human zombie is almost destroyed.
The human zombie hits you.
You die...

#####################
........∩..∩........#
..........Z.........#
......########......#
...####.... ####...#
Z.## ... #.##..# Z.#
#.####Z@+..# ..##
#......##..# ...####
#...####...#
.Z....########......#
.........Z.Z..Z.....#
Z...........Z.......#
......########......#
...####.+ ####...#
..##..ZZ# ##..#


You could see a human zombie.

Vanquished Creatures
  A hound zombie (Ossuary)
  2 adder zombies (Ossuary)
  2 ball pythons
  2 goblin zombies (Ossuary)
  2 hobgoblin zombies (Ossuary)
  3 jackal zombies (Ossuary)
  7 quokka zombies
  5 rat zombies
24 creatures vanquished.

Notes
Turn   | Place    | Note
-------+----------+-------------------------------------------
     0 | D:5      | drugrobin the Demigod Delver began the quest for the Orb.
     0 | D:5      | Reached XP level 1. HP: 18/18 MP: 3/3
    43 | D:5      | Noticed a quasit
    43 | D:5      | Noticed a quasit
    44 | D:5      | Noticed a quasit
   204 | D:4      | Noticed Blork the orc
   225 | D:4      | Noticed an orc priest
   241 | D:4      | Noticed a jelly
   313 | D:4      | Found a sand-covered staircase.
   349 | D:4      | Noticed a scorpion
   361 | Ossuary  | Entered an ossuary
   476 | Ossuary  | Reached XP level 2. HP: 19/25 MP: 4/4
   769 | Ossuary  | Reached XP level 3. HP: 27/30 MP: 5/5
   789 | Ossuary  | Slain by a human zombie

Illustrated notes

Levels and vault maps discovered:
D:3:      minmay_chambers_of_threes, layout_basic, uniq_natasha
D:4:      layout_cave_pools, kennysheep_little_box,
          gammafunk_temple_overflow_wave, enter_ossuary_4, uniq_blork_the_orc
D:5:      cheibrodos_quashed, layout_rooms, grunt_gozag_statues,
          old_standard_altar, serial_shops, nicolae_shop_back_alley_shop,
          minmay_misc_feat_columns
Ossuary:  minmay_ossuary_two_tombs

Skill      XL: |  1  2 |
---------------+-------+-----
Maces & Flails | 2 3 |  3.3
Fighting       | |  2.6
Dodging        | |  1.7
Stealth        | |  4.5

Action                     || total
---------------------------++-------
  Melee: Mace              ||   115
         Punch             ||     2
    Use: Potion            ||     2
   Stab: Sleeping          ||     2
 Armour: Leather armour    ||    35
  Dodge: Dodged            ||    91

Table legend: (Time is in decaauts)
 A = Elapsed time spent in this place.
 B = Non-inter-level travel time spent in this place.
 C = Inter-level travel time spent in this place.
 D = Time resting spent in this place.
 E = Time spent auto-exploring this place.
 F = Levels seen in this place.
 G = Mean time per level.
                   A        B        C        D        E       F      G
               +--------+--------+--------+--------+--------+-----+--------+
         Total |    801 |    801 |      0 |    113 |      0 |   4 |  200.2 |
       Dungeon |    366 |    366 |      0 |      0 |      0 |   3 |  122.0 |
       Ossuary |    435 |    435 |      0 |    113 |      0 |   1 |  435.0 |
               +--------+--------+--------+--------+--------+-----+--------+

Top non-repeatable levels by time:
 Ossuary: 435 daAuts
     D:4: 198 daAuts
     D:5: 116 daAuts
     D:3: 51 daAuts
